 Dungeon Sprint DCSS version 0.23.2-1-ga50397a (webtiles) character file.

Game seed: 3765826700086719155

1757 Fang the Fighter (level 9, -4/64 HPs)
             Began as a Gargoyle Berserker on May 1, 2019.
             Was a Believer of Trog.
             Slain by a vault warden
             ... wielding a +0 dire flail
              (21 damage)
             ... in the Dungeon (Sprint V: "Ziggurat Sprint").
             The game lasted 00:01:24 (290 turns).

Fang the Fighter (Gargoyle Berserker)                Turns: 290, Time: 00:01:25

Health: -4/64      AC: 36    Str: 40    XL:     9   Next: 6%
Magic:  9/9        EV: 12    Int:  7    God:    Trog [**....]
Gold:   0          SH:  0    Dex:  9    Spells: 8/8 levels left

rFire    . . .     SeeInvis .   A - +3 hand axe "Vatsoy" {holy, Str+3}
rCold    . . .     Gourm    .   (no shield)
rNeg     + . .     Faith    .   k - +15 Maxwell's patent armour {-Cast -Tele rElec MR+ rCorr}
rPois    ∞         Spirit   .   (no helmet)
rElec    +         Reflect  .   (no cloak)
rCorr    +         Harm     .   (no gloves)
MR       +++..     NoTele   +   (no boots) Stlth ..........NoCast +
                                (no amulet)
HPRegen  1.20/turn              D - +6 ring of strength
MPRegen  0.11/turn              E - +6 ring of strength

@: berserk cooldown, regenerating, slowed, very slow
A: negative energy resistance 1, electricity resistance, unbreathing,
petrification resistance, rot immunity, AC +6
a: Berserk, Trog's Hand, Renounce Religion


You were in the Dungeon.
You worshipped Trog.
Trog was pleased with you.
You were not hungry.

You visited 1 branch

Inventory:

Hand Weapons
 a - a +5 battleaxe
 b - a +5 broad axe
 j - a +5 executioner's axe
 A - the +3 hand axe "Vatsoy" (weapon) {holy, Str+3}
   (You found it in the Dungeon)

   It has been blessed by the Shining One to cause great damage to the undead
   and demons.
   It affects your strength (+3).
Armour
 k - the +15 Maxwell's patent armour (worn) {-Cast -Tele rElec MR+ rCorr}
   (You found it in the Dungeon)

   It insulates you from electricity.
   It affects your resistance to hostile enchantments.
   It prevents spellcasting.
   It prevents most forms of teleportation.
   It provides partial protection from all sources of acid and corrosion.
Jewellery
 D - a +6 ring of strength (left hand)
 E - a +6 ring of strength (right hand)
Wands
 w - a wand of disintegration (7)
 x - a wand of iceblast (7)
 y - a wand of acid (7)
Scrolls
 i - 4 scrolls of blinking
 l - 7 scrolls of fog
 m - a scroll of holy word
 n - 5 scrolls of identify
 o - 5 scrolls of remove curse
 p - 2 scrolls of fear
Potions
 d - 10 potions of curing
 e - 10 potions of heal wounds
 f - 6 potions of haste
 g - 7 potions of magic
 h - 3 potions of berserk rage
 r - 2 potions of invisibility
 s - 4 potions of resistance
 t - a potion of experience
 u - 5 potions of agility
 v - 5 potions of might
Comestibles
 c - 7 rations


   Skills:
 + Level 11.2 Fighting
 + Level 9.6 Axes
 + Level 11.0 Armour
 + Level 8.5 Dodging


You had 8 spell levels left.
You didn't know any spells.
Your spell library was empty.

Dungeon Overview and Level Annotations

Branches:
Dungeon (1/1)

Altars:
Ashenzari
Cheibriados
Dithmenos
Elyvilon
Fedhas
Gozag
Hepliaklqana
Kikubaaqudgha
Makhleb
Nemelex Xobeh
Okawaru
Qazlal
Ru
Sif Muna
Trog
Uskayaw
Vehumet
Wu Jian
Xom
Yredelemnul
Zin
The Shining One
Beogh
Jiyva
Lugonu

Annotations:
D 1 transporter


Innate Abilities, Weirdness & Mutations

You are resistant to torment.
Your stone body is resilient. (AC +6)
You are immune to poison.
You resist negative energy. (rN+)
You are resistant to electric shocks. (rElec)
You can survive without breathing.
You are immune to petrification.
You are immune to rotting.


Message History

Unknown command.
You barely miss the orc knight.
The orc knight is severely wounded.
You slash the vault warden!
You are no longer berserk.
You are exhausted.
You feel yourself slow down.
Your Maxwell's patent armour prevents you from hitting the orc knight.
The orc knight is severely wounded.
You hit the vault warden but do no damage.
The centaur warrior shoots an arrow.
The arrow hits you but does no damage. The orc knight misses you.
The vault warden hits you but does no damage.
The centaur warrior shoots an arrow.
The arrow hits you but does no damage.
Your skin crawls.
You feel resistant to hostile enchantments.
You feel somewhat more hungry.
The centaur warrior shoots an arrow.
The arrow hits you but does no damage.
The vault warden hits you with a +0 dire flail!!
You die...

▓▓▓▓▓▓▓▓▓▓▓▓▓▓▓▓▓▓▓
▓.8©8.▓.8©8.▓.8©8.▓
▓.=[=.▓.).=.▓.....▓
▓..c..▓.....▓.....▓
▓.p†o.▓.....▓.....▓
▓..@..▓.....▓..†..▓
▓..(..▓.....▓..©..▓
▓..©..▓..©..▓▓▓▓▓▓▓
▓▓▓▓▓▓▓▓▓▓▓▓▓


You could see a vault warden, an orc knight and a centaur warrior.

Vanquished Creatures
  A very ugly thing (D)
  An ugly thing (D)
  An acid dragon (D)
  3 phantoms (D)
6 creatures vanquished.

Notes
Turn   | Place    | Note
-------+----------+-------------------------------------------
     0 | D        | Found the +6 Majin-Bo {vamp, Archmagi MP+6 Int+6}
     0 | D        | Found the +7 great mace "Firestarter" {inner flame, rF++}
     0 | D        | Fang the Gargoyle Berserker began the quest for the Orb.
     0 | D        | Reached XP level 1. HP: 14/14 MP: 1/1
     1 | D        | Found a blossoming altar of Fedhas.
     2 | D        | Found a viscous altar of Jiyva.
     2 | D        | Found a transporter.
     2 | D        | Found a hazy altar of Hepliaklqana.
     2 | D        | Found an ancient bone altar of Kikubaaqudgha.
     2 | D        | Found an opulent altar of Gozag.
     2 | D        | Found a corrupted altar of Lugonu.
     9 | D        | Found a burning altar of Makhleb.
    11 | D        | Found an iron altar of Okawaru.
    11 | D        | Found a stormy altar of Qazlal.
    11 | D        | Found a sparkling altar of Nemelex Xobeh.
    11 | D        | Found a sacrificial altar of Ru.
    11 | D        | Found a deep blue altar of Sif Muna.
    16 | D        | Found the +9 heavy crossbow "Sniper" {velocity, Acc+∞ SInv}
    16 | D        | Found the +10 dark maul {crush}
    16 | D        | Found the +15 Maxwell's patent armour {-Cast -Tele rElec
                  | MR+ rCorr}
    16 | D        | Found the +18 shield of the Gong {rElec rN+ MR+ EV-5}
    16 | D        | Found the cursed +14 obsidian axe {chop, +Fly SInv *Curse}
    20 | D        | Found a bloodstained altar of Trog.
    78 | D        | Entered arena 2.
    78 | D        | Noticed a brown ugly thing
    78 | D        | Noticed an acid dragon
    78 | D        | Found a transporter.
    82 | D        | Killed an acid dragon
    82 | D        | Reached skill level 5 in Axes
    82 | D        | Reached skill level 5 in Armour
    82 | D        | Reached XP level 2. HP: 22/22 MP: 2/2
    82 | D        | Reached XP level 3. HP: 27/27 MP: 3/3
    82 | D        | Reached XP level 4. HP: 32/32 MP: 4/4
    92 | D        | Killed a brown ugly thing
    92 | D        | Reached XP level 5. HP: 19/40 MP: 5/5
    92 | D        | Reached XP level 6. HP: 21/45 MP: 6/6
    92 | D        | Reached XP level 7. HP: 23/50 MP: 7/7
   100 | D        | Got the +3 hand axe "Vatsoy" {holy, Str+3}
   246 | D        | Entered arena 3.
   246 | D        | Found a transporter.
   251 | D        | Reached ** piety under Trog
   270 | D        | Entered arena 4.
   270 | D        | Noticed an orc knight
   270 | D        | Noticed a cyan very ugly thing
   270 | D        | Noticed a vault warden
   270 | D        | Noticed a centaur warrior
   270 | D        | Found a transporter.
   287 | D        | Killed a cyan very ugly thing
   287 | D        | Reached XP level 8. HP: 20/60 MP: 8/8
   287 | D        | Reached XP level 9. HP: 22/64 MP: 9/9
   290 | D        | Slain by a vault warden

Skill      XL: |  1  2  3  4  5  6  7 |
---------------+----------------------+-----
Fighting       | 6 8 11 | 11.2
Axes           | 5 7 9 |  9.6
Armour         | 5 8 11 | 11.0
Dodging        | 4 6 8 |  8.5

Action                   |  1- 3 |  4- 6 |  7- 9 || total
-------------------------+-------+-------+-------++-------
Melee: Executioner's axe |     3 |    10 |       ||    13
       Hand axe          |       |       |    25 ||    25
Invok: Berserk           |     1 |       |     1 ||     2
       Trog's Hand       |       |       |     1 ||     1
Armor: Plate armour      |     7 |     3 |    23 ||    33
Dodge: Dodged            |     1 |     6 |     8 ||    15
